 Dungeon Crawl Stone Soup version 0.28.0-45-g0d030f2227 (webtiles) character file.

Game seed: 9103439162396620010

5 MisterFreud the Skirmisher (level 1, -2/19 HPs)
             Began as a Palentonga Fighter on Apr 18, 2022.
             Succumbed to a kobold's poison
             ... on level 1 of the Dungeon.
             The game lasted 00:00:24 (146 turns).

MisterFreud the Skirmisher (Palentonga Fighter)      Turns: 146, Time: 00:00:25

Health: -2/19      AC:  6    Str: 19    XL:     1   Next: 66%
Magic:  1/1        EV:  7    Int:  8    God:
Gold:   13         SH:  4    Dex:  9    Spells: 0/0 levels left

rFire   . . .      SeeInvis +   a - +1 war axe
rCold   . . .      Faith    .   c - +0 buckler
rNeg    . . .      Spirit   .   b - +0 scale mail
rPois   .          Reflect  .   (no helmet)
rElec   .          Harm     .   (no cloak)
rCorr   .          Rampage  .   (no gloves)
Will    .....                   (no barding)
Stlth   ..........              (no amulet)
HPRegen 0.06/turn               (no ring)
MPRegen 0.07/turn               (no ring)

@: lethally poisoned (-2 -> -14)
A: large, rugged brown scales 3, see invisible, deformed body, roll 1, armoured
tail
a: Rolling Charge


You were on level 1 of the Dungeon.
You visited 1 branch of the dungeon, and saw 1 of its levels.

You collected 13 gold pieces.

Inventory:

Hand Weapons
 a - a +1 war axe (weapon)
Armour
 b - a +0 scale mail (worn)
 c - a +0 buckler (worn)
Potions
 d - a potion of might


   Skills:
 - Level 3.0 Fighting
 + Level 2.3 Axes
 - Level 2.4 Armour
 - Level 2.4 Shields


You couldn't memorise any spells.
You didn't know any spells.
Your spell library was empty.

Dungeon Overview and Level Annotations

Branches:
Dungeon (1/15)

Altars:


Innate Abilities, Weirdness & Mutations

You are completely covered in rugged brown scales. (AC +3, +7% HP)
You have supernaturally acute eyesight. (SInv)
Armour fits poorly on your strangely shaped body.
You can roll at nearby foes to attack.
You have a long armoured tail.


Message History

You hit the giant cockroach.
You kill the giant cockroach!
No target in view!
You see here a giant cockroach corpse.
You see here a giant cockroach corpse.
You open the door.
A kobold comes into view.
It is wielding a +0 short sword of venom.
The kobold shouts!
Found a mace.
Found an escape hatch in the floor.
A kobold is nearby!
A kobold is nearby!
You roll forward with a clatter of scales!
You barely miss the kobold.
The kobold hits you with a +0 short sword of venom.
You are poisoned.
A kobold is nearby!
You barely miss the kobold.
You feel very sick.
The kobold hits you with a +0 short sword of venom.
You are more poisoned.
The kobold closely misses you.
You barely miss the kobold.
You feel very sick.
The kobold hits you with a +0 short sword of venom.
You are lethally poisoned!
You are too injured to fight recklessly!
You are too injured to fight recklessly!
You slash the kobold!
You kill the kobold!
* * * LOW HITPOINT WARNING * * *
You feel very sick.
Okay, then.
Unknown command.
As you read the scroll labelled ZIDUK ZUQIETAA, it crumbles to dust.
It is a scroll of enchant weapon.
Your +0 war axe glows red for a moment.
* * * LOW HITPOINT WARNING * * *
You feel very sick.
Unknown command.
You die...

#.....# # ##...##
####.## ##.....##
###.# ##.......##
##.#.#
#.........####....####
+....>....+...........
#....)....####....####
#.......# ##.#.#
#..@..# ###.# ##...##
#.# ##'## #.##
#.######## #..#
##.[......# ##.#
#.......#.# #.#
##...###.#.# #.#
#.....##.#.#####.#
..####...#...........#


There were no monsters in sight!

Vanquished Creatures
  A giant cockroach (D:1)
  A hobgoblin (D:1)
  2 ball pythons (D:1)
  A kobold (D:1)
5 creatures vanquished.

Notes
Turn   | Place    | Note
-------+----------+-------------------------------------------
     0 | D:1      | MisterFreud the Palentonga Fighter began the quest for the
                  | Orb.
     0 | D:1      | Reached XP level 1. HP: 19/19 MP: 1/1
   146 | D:1      | Succumbed to a kobold's poison

Illustrated notes

Levels and vault maps discovered:
D:1:      dpeg_arrival_houses_and_road, layout_loops_corners,
          dreamdust_ecumenical_altar_grove

Action                   || total
-------------------------++-------
Melee: War axe           ||    22
 Abil: Rolling Charge    ||     3
  Use: Scroll            ||     1
Armor: Scale mail        ||    10
Dodge: Dodged            ||    10
Block: Buckler           ||     3
